 Dungeon Crawl Stone Soup version 0.30-a0-879-ga8ba668304 (webtiles) character file.

Game seed: 2151633530167202786

392 domi the Conjurer (level 6, -4/41 HPs)
             Began as a Demonspawn Conjurer on Mar 13, 2023.
             Slain by a gnoll
             ... wielding a +0 club
              (6 damage)
             ... on level 4 of the Dungeon.
             The game lasted 00:06:09 (3824 turns).

domi the Conjurer (Demonspawn Conjurer)             Turns: 3824, Time: 00:06:09

Health: -4/41      AC:  4    Str:  8    XL:     6   Next: 51%
Magic:  1/9        EV: 12    Int: 21    God:
Gold:   197        SH:  0    Dex: 11    Spells: 3/9 levels left

rFire   . . .      SeeInvis .    e - +0 lajatang
rCold   . . .      Faith    .    (shield currently unavailable)
rNeg    . . .      Spirit   .    a - +0 robe
rPois   .          Reflect  .    (no helmet)
rElec   .          Rampage  .    (no cloak)
rCorr   .                        (no gloves)
Will    .....                    (no boots)
Stlth   ++                       (no amulet)
HPRegen 0.26/turn                (no ring)
MPRegen 0.11/turn                (no ring)

@: no status effects
A: hooves 1, thin metallic scales 1
a: no special abilities


You were on level 4 of the Dungeon.
You visited 1 branch of the dungeon, and saw 4 of its levels.

You collected 197 gold pieces.

Inventory:

Hand Weapons
 e - a +0 lajatang (weapon)
   (You found it on level 3 of the Dungeon)
Armour
 a - a +0 robe (worn)
Magical Staves
 h - a staff of air {rElec}
   (You found it on level 2 of the Dungeon)
Jewellery
 o - a ring of fire {rF+, rC-}
   (You found it on level 3 of the Dungeon)
Wands
 g - a wand of iceblast (14)
   (You found it on level 2 of the Dungeon)
 p - a wand of paralysis (7)
   (You found it on level 3 of the Dungeon)
Scrolls
 c - 6 scrolls of teleportation {@r4}
 d - a scroll of torment {unknown}
 f - a scroll of vulnerability {unknown}
 i - a scroll of identify {unknown}
 m - 3 scrolls of blinking {unknown}
 r - a scroll of magic mapping {unknown}
 s - a scroll of amnesia {unknown}
Potions
 b - 3 potions of flight {unknown}
 j - a potion of invisibility {unknown}
 k - a potion of curing {@q1}
 l - a potion of ambrosia {unknown}
 n - 3 potions of might {unknown}
 q - a potion of brilliance {unknown}


   Skills:
 - Level 1.7 Dodging
 - Level 1.7 Stealth
 - Level 2.0 Spellcasting
 + Level 6.2 Conjurations
 + Level 2.8 Air Magic
 + Level 3.1 Poison Magic


You had 3 spell levels left.
You knew the following spells:

 Your Spells              Type           Power      Damage    Failure   Level
c - Mephitic Cloud        Conj/Pois/Air  19%        N/A       9%          3
x - Searing Ray           Conj           56%        2d6       1%          2
z - Magic Dart            Conj           100%       1d8       1%          1

Your spell library contained the following spells:

 Spells                   Type           Power      Damage    Failure   Level
 Dazzling Flash           Conj/Hex       30%        N/A       12%         3
 Hailstorm                Conj/Ice       15%        3d5       12%         3
 Freeze                   Ice            8%         1d3       14%         1
 Necrotise                Necr           8%         1d4       14%         1
 Call Imp                 Summ           2%         N/A       22%         2
 Frozen Ramparts          Ice            4%         1d1       41%         3
 Vampiric Draining        Necr           2%         2d6       41%         3
 Fulminant Prism          Conj/Hex       7%         3d6       38%         4
 Iskenderun's Mystic Bla  Conj/Tloc      15%        2d5       38%         4
 Agony                    Necr           2%         N/A       99%         5


Dungeon Overview and Level Annotations

Branches:
Dungeon (4/15)
 Temple: D:4-7

Altars:
Dithmenos
Makhleb
Trog

Shops:
D:2 !

Annotations:
D:3 exclusion: centaur


Innate Abilities, Weirdness & Mutations

You have large cloven feet.
You are partially covered in thin metallic scales. (AC +2)


Message History

The howler monkey hits you but does no damage.
You barely miss the howler monkey. The howler monkey closely misses you.
The howler monkey hits you but does no damage.
Unknown command.
You closely miss the howler monkey. You kick the howler monkey.
The howler monkey closely misses you.
The howler monkey hits you but does no damage.
Aim: a howler monkey (severely wounded, 100% to hit)
The magic dart hits the howler monkey.
The howler monkey hits you.
Aim: a howler monkey (severely wounded, 100% to hit)
The magic dart hits the howler monkey.
The howler monkey hits you.
You slash the howler monkey!
You kill the howler monkey!
Your Poison Magic skill increases to level 3!
You start resting.
A hobgoblin comes into view.
Okay, then.
Aim: a hobgoblin (wandering, hasn't noticed you, 100% to hit)
The magic dart hits the hobgoblin.
The hobgoblin shouts!
Aim: a hobgoblin (severely wounded, 100% to hit)
The magic dart hits the hobgoblin.
You kill the hobgoblin!
You can't see any susceptible monsters within range! (Use Z to cast anyway.)
You can't see any susceptible monsters within range! (Use Z to cast anyway.)
You start resting.
Okay, then.
Things that are here:
a howler monkey corpse; an adder corpse
Found a stone staircase leading up.
You now have 197 gold pieces (gained 5).
A giant cockroach comes into view.
A giant cockroach is nearby!
A giant cockroach is nearby!
A giant cockroach is nearby!
Aim: a giant cockroach (wandering, hasn't noticed you, 100% to hit)
The magic dart hits the giant cockroach!
You kill the giant cockroach!
You can't see any susceptible monsters within range! (Use Z to cast anyway.)
You can't see any susceptible monsters within range! (Use Z to cast anyway.)
c - 6 scrolls of teleportation {@r4} (gained 1)
Found a stone staircase leading up.
A gnoll comes into view. It is wielding a +0 halberd.
A gnoll is nearby!
Aim: a gnoll, wielding a +0 halberd (asleep, 100% to hit)
The magic dart hits the gnoll but does no damage.
The gnoll shouts!
A gnoll comes into view. It is wielding a +0 spear.
You can't see any susceptible monsters within range! (Use Z to cast anyway.) Unknown command.
You can't see any susceptible monsters within range! (Use Z to cast anyway.) Unknown command.
A gnoll and a goblin come into view.
A kobold comes into view. It is wielding a +0 short sword.
Aim: a gnoll, wielding a +0 halberd (chance to affect: 91%)
The ball explodes into a vile cloud!
The stinking cloud engulfs the gnoll but does no damage.
The kobold shouts!
The gnoll shouts! x2; The goblin shouts!
The gnoll is engulfed in noxious fumes.
The gnoll appears confused.
The gnoll barely misses the gnoll.
Aim: a gnoll, wielding a +0 halberd (noxious fumes, confused, 100% to hit)
The magic dart hits the gnoll.
The gnoll is engulfed in noxious fumes.
The gnoll appears confused.
Aim: a gnoll, wielding a +0 halberd (noxious fumes, confused, 100% to hit)
The magic dart hits the gnoll.
The gnoll is engulfed in noxious fumes.
The gnoll appears confused.
Aim: a gnoll, wielding a +0 halberd (moderately wounded, confused, 100% to hit)
The magic dart hits the gnoll.
The gnoll hits the gnoll with a +0 halberd!
The gnoll hits itself with a +0 halberd!
The gnoll is killed!
Aim: a goblin, wielding a +0 dagger (100% to hit)
The magic dart hits the goblin.
The goblin hits you with a +0 dagger.
The kobold throws a stone.
The stone hits you. The gnoll barely misses you.
Aim: a goblin, wielding a +0 dagger (heavily wounded, 100% to hit)
The magic dart hits the goblin.
You kill the goblin!
The gnoll hits you from afar with a +0 spear!
You don't have enough magic to cast this spell.
You closely miss the gnoll.
The gnoll hits you from afar with a +0 spear!
The gnoll hits you with a +0 club.
You barely miss the gnoll.
The gnoll hits you from afar with a +0 spear.
The gnoll hits you with a +0 club!
* * * LOW HITPOINT WARNING * * *
The gnoll hits you from afar with a +0 spear.
* * * LOW HITPOINT WARNING * * *
The gnoll hits you with a +0 club.
* * * LOW HITPOINT WARNING * * *
Unknown command.
You don't have enough magic to cast this spell.
You feel better. The gnoll hits you with a +0 club!
* * * LOW HITPOINT WARNING * * *
Okay, then.
Okay, then.
Okay, then.
The gnoll attacks as you move away! The gnoll closely misses you.
The gnoll attacks as you move away! The gnoll hits you with a +0 club.
You die...

##### ## ###
....###.....
###........# #.###.##.#
###.# #.##.# ....#
#.##.##########
###.###.##.##....<... #
#.#......##.#####
###.#...........@.#
..........###.###g###.#
##.##.....# #.........#
#.##....)# #.###g##...#
#.##....## #.# #)# ..#
#.##..#.# #.##...# .#
#.##..#.# #........ ..
#.....#.. #.#..)..... .
#...#.####...#..........


You could see 2 gnolls.

Vanquished Creatures
  An ogre (D:4)
  A centaur (D:3)
  A howler monkey (D:4)
  5 gnolls
  8 adders
  A worm (D:2)
  2 dart slugs (D:2)
  2 orcs (D:3)
  4 endoplasms
  8 giant cockroaches
  6 goblins
  4 hobgoblins
  4 jackals (D:1)
  A quokka (D:1)
  A ball python (D:2)
  4 bats
  3 frilled lizards
  5 rats
61 creatures vanquished.

Notes
Turn   | Place    | Note
-------+----------+-------------------------------------------
     0 | D:1      | domi the Demonspawn Conjurer began the quest for the Orb.
     0 | D:1      | Reached XP level 1. HP: 13/13 MP: 3/3
    28 | D:1      | You fall into a shaft and drop 1 floor!
    42 | D:2      | Gained mutation: You are partially covered in thin metallic
                  | scales. (AC +2) [demonic ancestry]
    42 | D:2      | Reached XP level 2. HP: 19/19 MP: 0/5
   164 | D:2      | Found Miqal's Distillery.
   387 | D:2      | Found a burning altar of Makhleb.
   398 | D:2      | Reached skill level 5 in Conjurations
   434 | D:2      | Reached XP level 3. HP: 24/24 MP: 3/6
   658 | D:2      | Noticed an ogre
   769 | D:3      | Found a shadowy altar of Dithmenos.
   860 | D:2      | Learned a level 2 spell: Searing Ray
   864 | D:2      | Learned a level 3 spell: Mephitic Cloud
   943 | D:2      | Reached XP level 4. HP: 28/30 MP: 2/7
   949 | D:2      | Reached skill level 1 in Poison Magic
  1117 | D:2      | Reached skill level 1 in Air Magic
  2409 | D:3      | Found a bloodstained altar of Trog.
  2653 | D:3      | Noticed a centaur
  2783 | D:3      | Reached XP level 5. HP: 35/35 MP: 5/8
  2797 | D:3      | Killed a centaur
  2797 | D:3      | HP: 6/35 [frilled lizard (3)]
  2798 | D:3      | Reached skill level 2 in Air Magic
  2798 | D:3      | Reached skill level 2 in Poison Magic
  3588 | D:4      | Noticed an ogre
  3593 | D:4      | Killed an ogre
  3594 | D:4      | Reached skill level 6 in Conjurations
  3594 | D:4      | Gained mutation: You have large cloven feet. [demonic
                  | ancestry]
  3594 | D:4      | Reached XP level 6. HP: 41/41 MP: 2/9
  3629 | D:4      | Reached skill level 3 in Poison Magic
  3819 | D:4      | HP: 10/41 [gnoll/+0 club (7)]
  3819 | D:4      | HP: 2/41 [gnoll/+0 club (5)]
  3824 | D:4      | Slain by a gnoll

Illustrated notes

Levels and vault maps discovered:
D:1:      sevenhm_arrival_forest_fort_large_4, layout_basic
D:2:      layout_loops_ring, serial_shops, nicolae_shop_waterfront, basic_altar,
          minmay_misc_feat_ornament
D:3:      layout_rooms, bloody_trog, grunt_dithmenos_smoke,
          gup_sewer_entry_bubbles, st_stairs_7, minmay_misc_feat_alley,
          chequers_mini_garden, minmay_misc_feat_roman, chequers_big_river,
          kennysheep_nub, minmay_starry_boxes
D:4:      layout_loops_ring, gammafunk_ghost_icy, kennysheep_generic_room_15,
          uniq_sigmund

Skill      XL: |  1  2  3  4  5  6 |
---------------+-------------------+-----
Conjurations   | 5 6 |  6.2
Poison Magic   | 1 2 3 |  3.1
Air Magic      | 1 2 |  2.8
Dodging        | |  1.7
Stealth        | |  1.7
Spellcasting   | |  2.0

Action                     |  1- 3 |  4- 6 || total
---------------------------+-------+-------++-------
  Melee: Unarmed           |    28 |       ||    28
         Lajatang          |    14 |    46 ||    60
         Kick              |       |     5 ||     5
   Cast: Magic Dart        |    50 |    74 ||   124
         Searing Ray       |     1 |     4 ||     5
         Mephitic Cloud    |       |     1 ||     1
    Use: Potion            |     2 |     4 ||     6
         Scroll            |       |     3 ||     3
 Armour: Robe              |    19 |    31 ||    50
  Dodge: Dodged            |    41 |    69 ||   110

Table legend: (Time is in decaauts)
 A = Elapsed time spent in this place.
 B = Non-inter-level travel time spent in this place.
 C = Inter-level travel time spent in this place.
 D = Time resting spent in this place.
 E = Time spent auto-exploring this place.
 F = Levels seen in this place.
 G = Mean time per level.
                   A        B        C        D        E       F      G
               +--------+--------+--------+--------+--------+-----+--------+
         Total |   3886 |   3795 |     91 |    476 |   2722 |   4 |  971.5 |
       Dungeon |   3886 |   3795 |     91 |    476 |   2722 |   4 |  971.5 |
               +--------+--------+--------+--------+--------+-----+--------+

Top non-repeatable levels by time:
     D:3: 1378 daAuts
     D:2: 1335 daAuts
     D:1: 850 daAuts
     D:4: 321 daAuts

Table legend:
 A = Kills in this place as a percentage of kills in the entire game.
 B = Kills by you in this place as a percentage of kills by you in the entire game.
 C = Kills by friends in this place as a percentage of kills by friends in the entire game.
 D = Other kills in this place as a percentage of other kills in the entire game.
 E = Experience gained in this place as a percentage of experience gained in the entire game.
 F = Experience gained in this place divided by the number of levels of this place that you have seen.
                   A       B       C       D       E      F
               +-------+-------+-------+-------+-------+----------------------
         Total | 100.0 | 100.0 |   N/A | 100.0 | 100.0 | 140.2
       Dungeon | 100.0 | 100.0 |   N/A | 100.0 | 100.0 | 140.2
               +-------+-------+-------+-------+-------+----------------------
